 Dungeon Crawl Stone Soup version 0.19.0-18-g426998a (webtiles) character file.

123746 HungrySpirit the Bludgeoner (level 16, -8/125 HPs)
             Began as a Mummy Artificer on Nov 11, 2016.
             Was an Initiate of Gozag.
             Mangled by a jumping spider (13 damage)
             ... on level 2 of the Spider Nest.
             The game lasted 01:21:10 (32867 turns).

HungrySpirit the Bludgeoner (Mummy Artificer)      Turns: 32867, Time: 01:21:11

Health: -8/125     AC: 28    Str: 21    XL:     16   Next: 37%
Magic:  33/33      EV:  4    Int: 10    God:    Gozag
Gold:   1337       SH:  0    Dex: 14    Spells: 0 memorised, 15 levels left

rFire  + + .     SeeInvis .     R - +1 eveningstar (freeze)
rCold  + + +     Gourm    .     D - +4 plate armour "Usudwovo" {rC+ rCorr}
rNeg   + + +     Faith    .     O - +2 large shield of the Peasants {rElec Regen+ Dex-3 Slay+6}
rPois  ∞         Spirit   .     K - +2 hat "Joqes" {-Tele rF++ rC+ Regen+}
rElec  +         Reflect  +     M - +3 cloak of Youthful Indiscretion {MR++ rCorr Int-5}
rCorr  +         Harm     .     C - +0 pair of fencer's gloves {+Riposte Dex+3}
MR     +++++     NoTele   +     J - +2 pair of boots {Fly}
Stlth  ..........               P - +4 amulet of reflection
                                t - ring of the Ten Tales {rElec rC+ MR+ MP+9 Int+5}
                                E - ring of protection from fire

@: confused, gold aura
A: no food or potions, fire vulnerability, cold resistance 1, negative energy
resistance 3, torment resistance, unbreathing, in touch with death 1
a: Potion Petition, Call Merchant, Bribe Branch, Renounce Religion, Evoke Flight


You were on level 2 of the Spider Nest.
You worshipped Gozag.
Gozag was most pleased with you.
You were not hungry.

You visited 4 branches of the dungeon, and saw 25 of its levels.
You also visited: Labyrinth.

You collected 10334 gold pieces.
You spent 4423 gold pieces at shops.
You paid 4574 gold pieces to Gozag.

Inventory:

Hand Weapons
 a - a +2 whip of electrocution
 N - a +3 morningstar of freezing
 R - a +1 eveningstar of freezing (weapon)
Armour
 B - a +2 helmet
 C - the +0 pair of fencer's gloves (worn) {+Riposte Dex+3}
   (You found it in a labyrinth)

   It affects your dexterity (+3).
 D - the +4 plate armour "Usudwovo" (worn) {rC+ rCorr}
   (You found it in a labyrinth)

   It protects you from cold.
   It protects you from acid and corrosion.
 J - a +2 pair of boots of flying (worn)
 K - the +2 hat "Joqes" (worn) {-Tele rF++ rC+ Regen+}
   (You found it on level 1 of the Orcish Mines)

   It greatly protects you from fire.
   It protects you from cold.
   It prevents most forms of teleportation.
   It increases your rate of regeneration.
 M - the +3 cloak of Youthful Indiscretion (worn) {MR++ rCorr Int-5}
   (You bought it in a shop on level 9 of the Dungeon)

   It affects your intelligence (-5).
   It affects your resistance to hostile enchantments.
   It protects you from acid and corrosion.
 O - the +2 large shield of the Peasants (worn) {rElec Regen+ Dex-3 Slay+6}
   (You found it on level 13 of the Dungeon)

   It affects your dexterity (-3).
   It affects your accuracy and damage with ranged weapons and melee attacks
   (+6).
   It insulates you from electricity.
   It increases your rate of regeneration.
Rods
 H - a +8 lightning rod (11/11)
   (You bought it in a shop on level 1 of the Lair of Beasts)
Jewellery
 h - an uncursed amulet of guardian spirit
 r - an uncursed amulet of regeneration
 t - the ring of the Ten Tales (right hand) {rElec rC+ MR+ MP+9 Int+5}
   (You found it on level 1 of the Lair of Beasts)

   [ring of protection from cold]

   It affects your intelligence (+5).
   It protects you from cold.
   It insulates you from electricity.
   It affects your resistance to hostile enchantments.
   It affects your magic capacity (+9).
 E - a ring of protection from fire (left hand)
 P - a +4 amulet of reflection (around neck)
Wands
 b - a wand of lightning (11/15)
 d - a wand of enslavement (4/24)
 e - a wand of random effects (9/48)
 n - a wand of lightning (4/15)
 s - a wand of iceblast (0/15)
 u - a wand of lightning (0/15)
 v - a wand of paralysis (0/24)
 w - a wand of flame (24/48)
 y - a wand of slowing (3/48)
 z - a wand of polymorph (13/24)
 A - a wand of lightning (2/15)
 G - a wand of iceblast (1/15)
 I - a wand of iceblast (5/15)
 S - a wand of acid (7/15)
 T - a wand of acid (11/15)
 U - a wand of acid (4/15)
Scrolls
 c - 2 scrolls of noise
 f - 4 scrolls of magic mapping
 g - 11 scrolls of remove curse
 i - 10 scrolls of identify
 j - 3 scrolls of amnesia
 k - 5 scrolls of vulnerability
 l - 2 scrolls of enchant weapon
 m - 3 scrolls of blinking
 p - 3 scrolls of teleportation
 q - 5 scrolls of enchant armour
 x - 4 scrolls of fear
 Q - a scroll of recharging
Miscellaneous
 o - a fan of gales (inert)
 F - a lamp of fire (inert)
 L - a box of beasts


   Skills:
 + Level 11.0 Fighting
   Level 0.7 Short Blades
 * Level 16.2 Maces & Flails
 + Level 7.8 Armour
 - Level 1.5 Dodging
 - Level 0.7 Stealth
 + Level 10.0 Shields
 - Level 11.2 Evocations


You had 15 spell levels left.
You didn't know any spells.

Dungeon Overview and Level Annotations

Branches:
Dungeon (15/15)            Temple (0/1) D:6            Lair (6/6) D:8
 Shoals (0/4) Lair:3       Spider (2/4) Lair:4        Slime (0/5) Lair:5
    Orc (2/2) D:9             Elf (0/3) Orc:2        Vaults (0/5) D:14
 Depths (0/5) D:15

Altars:
Dithmenos
Fedhas
Gozag
Makhleb
Okawaru
Qazlal
Ru
Sif Muna
Trog
Xom
Yredelemnul
The Shining One
Beogh

Shops:
D:7 *   D:8 [   D:9 [   D:12 }?   Orc:2 [([?   Lair:1 }   Spider:1 [

Annotations:
D:4 goblinboy's ghost, novice MiBe


Innate Abilities, Weirdness & Mutations

You do not eat or drink.
Your flesh is vulnerable to fire.
You are immune to poison.
Your flesh is cold resistant. (rC+)
You are immune to negative energy. (rN+++)
You are immune to unholy pain and torment.
You can survive without breathing.
You are in touch with the powers of death.


Message History

...and a mature stingfire beast leaps out!
Evoke which item? (* to show all) (? for menu, Esc to quit)
Aim the lamp in which direction?
Press: ? - help, Dir - move target cursor, f - jumping spider
Aim: a jumping spider The flames dance!
The jumping spider hisses angrily.
The jumping spider leaps!
The jumping spider barely misses you.
The jumping spider bites you but does no damage.
The jumping spider pounces on you but does no damage.
The jumping spider bites you but does no damage.
Unknown command.
Unknown command.
Unknown command.
The tarantella bites you!
* * * LOW HITPOINT WARNING * * *
You are more confused.
The jumping spider pounces on you!
You die...
Your body crumbles into a pile of gold.

.)....# .....##
..#...## #
s^....# #.
#.....# ## #..
.....#... ^...
##..§.§§§#
.#...##$^§§§§..§
.......$@s..§§.§
(....##$Hs....§#
.........#......
.....<..#....###
#.......%#..#.#
.....#####....#
.##.# ..s. ## $
..^# $ #..


You could see 3 jumping spiders, a tarantella and a friendly mature stingfire
beast.

Vanquished Creatures
  Rupert (Lair:6)
  4 orc warlords
  An entropy weaver (Spider:1)
  An ettin (D:14)
  The ghost of C0ssack the Spawn of Chaos, a journeyman DDFi of Makhleb (D:11)
  A minotaur (Lab)
  A yaktaur captain (D:15)
  Fannar (Orc:1)
  8 hydras
  5 centaur warriors
  Erica (D:9)
  An ogre mage (Orc:2)
  3 catoblepae (Lair:6)
  2 tengu warriors (D:14)
  22 death yaks
  An orc high priest (Orc:2)
  Sonja (Lair:1)
  An iron troll (D:14)
  7 orc knights
  5 hill giants
  4 orc sorcerers (Orc:1)
  6 orb spiders (Spider:1)
  8 cyclopes
  A manticore (D:13)
  A deep elf mage (D:15)
  7 ugly things
  10 wolf spiders
  Maurice (Orc:1)
  A torpor snail (Spider:1)
  A gargoyle (D:14)
  5 black mambas
  6 spiny frogs
  4 rime drakes
  A freezing wraith (D:14)
  3 kobold demonologists
  6 yaktaurs
  11 komodo dragons
  A demonic crawler (Spider:1)
  A queen bee (D:3)
  4 polar bears
  4 tengu conjurers (D:14)
  5 trolls
  11 jumping spiders (Spider:1)
  4 hornets
  5 slime creatures
  4 two-headed ogres
  Grinder (D:4)
  6 dream sheep
  8 hippogriffs
  A snapping turtle (Lair:3)
  Prince Ribbit (D:7)
  22 blink frogs
  A vampire (D:14)
  A meliai zombie (D:13)
  15 tarantellas
  31 redbacks
  44 yaks
  3 wyverns
  A hungry ghost (D:10)
  2 wraiths
  2 basilisks
  11 vampire mosquitoes
  Grum (D:8)
  Menkaure (D:6)
  10 wargs
  2 mottled dragons (D:15)
  13 water moccasins
  8 porcupines
  Duvessa (D:4)
  55 orc warriors
  A slave (D:3)
  An eye of draining (D:15)
  4 sky beasts
  3 phantoms
  5 ice beasts
  4 black bears
  2 necrophages (D:11)
  18 wolves
  21 ogres
  6 centaurs
  A wolf (shapeshifter) (D:15)
  15 crocodiles
  7 big kobolds
  17 bullfrogs
  2 wyvern skeletons
  3 scorpions
  6 killer bees
  12 wights
  An electric eel (Lair:3)
  5 howler monkeys
  6 crimson imps
  13 jellies
  A bullfrog zombie (D:13)
  25 orc priests
  2 centaur zombies
  3 quasits
  6 centaur skeletons
  A gnoll shaman (D:4)
  11 hounds
  3 bullfrog skeletons
  7 iguanas
  43 orc wizards
  10 worker ants
  7 hell rats (Lair:5)
  2 killer bee zombies
  A hound skeleton (D:6)
  A worker ant zombie (D:5)
  4 gnolls
  A howler monkey skeleton (D:6)
  7 adders
  A shadow imp (D:12)
  4 oozes (Lair:5)
  An adder skeleton (D:8)
  2 adder zombies
  A dart slug (D:2)
  5 leopard geckos
  145 orcs
  5 giant cockroaches
  2 gnoll zombies (D:4)
  3 goblins
  4 hobgoblins
  10 jackals
  4 quokkas
  4 ball pythons
  7 bats
  6 frilled lizards
  A goblin skeleton (D:8)
  3 hobgoblin zombies (D:8)
  A jackal skeleton (D:5)
  27 kobolds
  2 kobold zombies (D:8)
  An orc skeleton (D:8)
  A quokka skeleton (D:9)
  A quokka zombie (D:7)
  6 rats
959 creatures vanquished.

Vanquished Creatures (collateral kills)
  Dowan (D:4)
1 creature vanquished.

Vanquished Creatures (others)
  A wizard (D:4)
  2 slaves (D:4)
  An ogre (D:11)
  3 killer bees (D:11)
  A howler monkey (D:11)
  An adder (D:11)
  A shadow imp (D:11)
  2 orcs
  A quokka skeleton (D:4)
  5 fungi
  13 plants
31 creatures vanquished.

Grand Total: 991 creatures vanquished

Notes
Turn   | Place    | Note
-------+----------+-------------------------------------------
     0 | D:1      | HungrySpirit the Mummy Artificer began the quest for the Orb.
     0 | D:1      | Reached XP level 1. HP: 15/15 MP: 2/2
   323 | D:1      | Reached XP level 2. HP: 22/22 MP: 3/3
   775 | D:2      | Found a faded altar of an unknown god.
   841 | D:2      | Reached XP level 3. HP: 27/27 MP: 5/5
  1029 | D:2      | Reached skill level 1 in Maces & Flails
  1032 | D:2      | Reached skill level 1 in Shields
  1032 | D:2      | Reached XP level 4. HP: 32/33 MP: 4/6
  1246 | D:2      | Reached skill level 2 in Maces & Flails
  1521 | D:3      | Reached XP level 5. HP: 38/38 MP: 7/7
  1840 | D:4      | Reached XP level 6. HP: 38/44 MP: 6/8
  1864 | D:4      | Found a burning altar of Makhleb.
  1867 | D:4      | Found a bloodstained altar of Trog.
  1879 | D:4      | Reached skill level 3 in Maces & Flails
  2458 | D:4      | Noticed Grinder
  2465 | D:4      | Paralysed by Grinder for 7 turns
  2477 | D:4      | Paralysed by Grinder for 6 turns
  2485 | D:4      | Killed Grinder
  2485 | D:4      | Reached skill level 4 in Maces & Flails
  2485 | D:4      | Reached XP level 7. HP: 34/50 MP: 7/10
  2717 | D:4      | Noticed Pikel
  3064 | D:3      | Noticed Pikel
  3064 | D:3      | Pikel changed into Pikel the queen bee
  3373 | D:3      | Killed Pikel the queen bee
  3589 | D:4      | Found a basalt altar of Yredelemnul.
  3693 | D:4      | Noticed goblinboy's ghost (novice MiBe)
  3947 | D:4      | Noticed Duvessa
  3947 | D:4      | Noticed Dowan
  3971 | D:4      | Killed Dowan
  3971 | D:4      | Reached skill level 5 in Maces & Flails
  4000 | D:4      | Killed Duvessa
  4000 | D:4      | Reached XP level 8. HP: 31/56 MP: 5/11
  4170 | D:4      | Noticed a wizard
  4173 | D:4      | Killed a wizard
  4191 | D:4      | Found an iron altar of Okawaru.
  4193 | D:4      | Found a stormy altar of Qazlal.
  4735 | D:4      | Found a shadowy altar of Dithmenos.
  4736 | D:4      | Found an opulent altar of Gozag.
  4828 | D:5      | Entered Level 5 of the Dungeon
  5239 | D:5      | Reached skill level 5 in Evocations
  5254 | D:5      | Reached skill level 6 in Maces & Flails
  5303 | D:4      | Became a worshipper of Gozag Ym Sagoz the Greedy
  5574 | D:6      | Noticed Menkaure
  5684 | D:6      | Killed Menkaure
  5718 | D:6      | Found a deep blue altar of Sif Muna.
  5859 | D:6      | Found a staircase to the Ecumenical Temple.
  5869 | D:6      | Reached XP level 9. HP: 61/61 MP: 11/13
  6298 | D:7      | Reached skill level 7 in Maces & Flails
  6475 | D:7      | Reached skill level 5 in Shields
  6573 | D:7      | Found Wanoaz's Assorted Antiques.
  6658 | D:7      | Bought a scroll labeled GIMUSA DEEPT for 27 gold pieces
  6658 | D:7      | Bought a scroll labeled SYNTO BOEDDER for 27 gold pieces
  6658 | D:7      | Bought a scroll labeled FECOEH ENURARR for 27 gold pieces
  6658 | D:7      | Bought a worn iron wand for 108 gold pieces
  6970 | D:7      | Noticed Prince Ribbit
  7002 | D:7      | Killed Prince Ribbit
  7726 | D:8      | Noticed Grum
  7747 | D:7      | Reached skill level 8 in Maces & Flails
  7909 | D:8      | Killed Grum
  7961 | D:8      | Found a glowing golden altar of the Shining One.
  8050 | D:8      | Reached XP level 10. HP: 62/67 MP: 14/14
  8868 | D:8      | Found a staircase to the Lair.
  8902 | D:7      | Bought a transparent plate armour for 756 gold pieces
  8902 | D:7      | Identified the +1 plate armour "Rewuk" {Regen+ Stlth+} (You bought it in a shop on level 7 of the Dungeon)
  9303 | D:8      | Reached skill level 9 in Maces & Flails
  9706 | D:9      | Noticed Erica
  9745 | D:9      | Killed Erica
  9796 | D:9      | Reached skill level 10 in Maces & Flails
  9811 | D:9      | Reached XP level 11. HP: 68/72 MP: 16/16
 10079 | D:9      | Found a staircase to the Orcish Mines.
 10189 | D:10     | Entered Level 10 of the Dungeon
 11412 | D:11     | Found a shimmering altar of Xom.
 11412 | D:11     | Noticed a hill giant
 11412 | D:11     | Noticed a four-headed hydra
 11533 | Lair:1   | Entered Level 1 of the Lair of Beasts
 11584 | Lair:1   | Noticed a four-headed hydra
 11600 | Lair:1   | Killed a four-headed hydra
 11733 | Lair:1   | Reached skill level 11 in Maces & Flails
 11811 | Lair:1   | Noticed Sonja
 11819 | Lair:1   | Killed Sonja
 11826 | Lair:1   | Found a labyrinth entrance.
 11863 | Lab      | Entered a labyrinth
 14854 | Lab      | Noticed a minotaur
 14864 | Lab      | Killed a minotaur
 14869 | Lab      | Got a translucent plate armour
 14872 | Lab      | Identified the +4 plate armour "Usudwovo" {rC+ rCorr} (You found it in a labyrinth)
 15117 | Lair:1   | Got a fine lapis lazuli ring
 15333 | Lair:1   | Identified the ring of the Ten Tales {rElec rC+ MR+ MP+9 Int+5} (You found it on level 1 of the Lair of Beasts)
 15483 | Lair:1   | Reached XP level 12. HP: 81/81 MP: 18/18
 15821 | Lair:2   | Noticed an eight-headed hydra
 15853 | Lair:2   | Killed an eight-headed hydra
 16541 | Lair:3   | Noticed an eight-headed hydra
 16555 | Lair:3   | Killed an eight-headed hydra
 16626 | Lair:3   | Reached skill level 12 in Maces & Flails
 17362 | Lair:3   | Found a staircase to the Shoals.
 17606 | Lair:3   | Reached skill level 5 in Fighting
 17773 | Lair:4   | Noticed Rupert
 17893 | Lair:4   | Found a hole to the Spider Nest.
 18006 | Lair:4   | Noticed a six-headed hydra
 18030 | Lair:4   | Killed a six-headed hydra
 18373 | Lair:4   | Gained mutation: You are in touch with the powers of death. [Mummy growth]
 18373 | Lair:4   | Reached XP level 13. HP: 54/93 MP: 20/20
 18836 | Lair:5   | Found a staircase to the Slime Pits.
 19344 | Lair:1   | Bought a +8 lightning rod (11/11) for 1705 gold pieces
 19559 | Lair:5   | Reached skill level 1 in Armour
 19651 | Lair:5   | Reached skill level 13 in Maces & Flails
 20036 | Lair:6   | Entered Level 6 of the Lair of Beasts
 20317 | Lair:6   | Killed Rupert
 20525 | Lair:6   | Reached skill level 10 in Evocations
 20884 | Lair:6   | Reached XP level 14. HP: 69/103 MP: 21/21
 21316 | Lair:5   | Reached skill level 14 in Maces & Flails
 22167 | D:8      | Bought a pair of glowing boots for 325 gold pieces
 22261 | Orc:1    | Entered Level 1 of the Orcish Mines
 22487 | Orc:2    | Entered Level 2 of the Orcish Mines
 22571 | Orc:2    | Found a roughly hewn altar of Beogh.
 22588 | Orc:2    | Found Qucum's Magic Scroll Shoppe.
 22699 | Orc:2    | Found a staircase to the Elven Halls.
 23078 | Orc:2    | Found a roughly hewn altar of Beogh.
 23079 | Orc:2    | Found Adwebivi's Antique Armour Boutique.
 23411 | Orc:2    | Found a roughly hewn altar of Beogh.
 23514 | Orc:2    | Found a roughly hewn altar of Beogh.
 23708 | Orc:2    | Noticed an orc warlord
 23829 | Orc:2    | Killed an orc warlord
 23829 | Orc:2    | Reached skill level 5 in Armour
 24125 | Orc:2    | Found Miada's Antique Armour Shop.
 24126 | Orc:2    | Found a roughly hewn altar of Beogh.
 24129 | Orc:2    | Found Ulloahee's Antique Weapon Boutique.
 24322 | Orc:1    | Noticed Maurice
 24333 | Orc:1    | Killed Maurice
 24546 | Orc:1    | Noticed an orc warlord
 24623 | Orc:1    | Killed an orc warlord
 25164 | Orc:1    | Noticed an orc warlord
 25349 | Orc:1    | Killed an orc warlord
 25441 | Orc:1    | Noticed an orc warlord
 25514 | Orc:1    | Killed an orc warlord
 25872 | Orc:1    | Got a transparent hat
 25873 | Orc:1    | Identified the +2 hat "Joqes" {-Tele rF++ rC+ Regen+} (You found it on level 1 of the Orcish Mines)
 26004 | Orc:1    | Reached XP level 15. HP: 113/113 MP: 23/23
 26027 | Orc:1    | Noticed Fannar
 26072 | Orc:1    | Killed Fannar
 26158 | D:9      | Bought an ancient cloak for 323 gold pieces
 26158 | D:9      | Identified the +3 cloak of Youthful Indiscretion {MR++ rCorr Int-5} (You bought it in a shop on level 9 of the Dungeon)
 26286 | D:11     | Noticed C0ssack's ghost (journeyman DDFi)
 26308 | D:11     | Killed C0ssack's ghost
 26670 | D:11     | Reached skill level 15 in Maces & Flails
 27410 | D:12     | Bought a box of beasts for 320 gold pieces
 27452 | D:12     | Found Fuborr's Magic Scroll Boutique.
 27462 | D:12     | Bought a scroll of acquirement for 520 gold pieces
 28317 | D:13     | Got a fine large shield
 28318 | D:13     | Identified the +2 large shield of the Peasants {rElec Regen+ Dex-3 Slay+6} (You found it on level 13 of the Dungeon)
 28626 | D:13     | Found a deep blue altar of Sif Muna.
 28924 | D:13     | You fall through a shaft for 2 floors!
 28924 | D:15     | Entered Level 15 of the Dungeon
 29287 | D:14     | Found a sacrificial altar of Ru.
 29577 | D:14     | Reached skill level 10 in Fighting
 29617 | D:14     | Found a gate to the Vaults.
 30569 | D:15     | Found a staircase to the Depths.
 30698 | D:15     | Found a blossoming altar of Fedhas.
 31316 | Spider:1 | Entered Level 1 of the Spider Nest
 31354 | Spider:1 | Reached XP level 16. HP: 113/123 MP: 24/24
 31365 | Spider:1 | Bought a polished cloak for 285 gold pieces
 31369 | Spider:1 | Identified the cursed +0 cloak of the Hunter {rElec Slay+2} (You bought it in a shop on level 1 of the Spider Nest)
 31786 | Spider:1 | Reached skill level 16 in Maces & Flails
 32755 | Spider:1 | Reached skill level 10 in Shields
 32867 | Spider:2 | HP: 5/125 [tarantella (10)]
 32867 | Spider:2 | Mangled by a jumping spider

Skill      XL: |  1  2  3  4  5  6  7  8  9 10 11 12 13 14 15 16 |
---------------+-------------------------------------------------+-----
Fighting       | 2 3 5 7 9 10 11 | 11.0
Maces & Flails | 1 2 4 5 6 8 10 11 12 13 14 15 16 | 16.2
Shields        | 1 2 3 4 5 7 8 9 10 | 10.0
Evocations     | 3 4 5 6 7 8 9 10 11 | 11.2
Armour         | 3 5 7 |  7.8
Short Blades   | |  0.7
Dodging        | |  1.5
Stealth        | |  0.7

Action                   |  1- 3 |  4- 6 |  7- 9 | 10-12 | 13-15 | 16-18 || total
-------------------------+-------+-------+-------+-------+-------+-------++-------
Melee: Short sword       |    46 |       |       |       |       |       ||    46
       Whip              |    40 |   148 |   605 |  1356 |  2959 |       ||  5108
       Eveningstar       |       |       |       |       |       |   250 ||   250
Invok: Call Merchant     |       |       |       |     1 |     3 |     1 ||     5
       Potion Petition   |       |       |       |       |     1 |       ||     1
 Abil: Stop Flying       |       |       |       |       |     1 |       ||     1
Evoke: Wand              |       |     4 |    29 |    24 |    26 |       ||    83
       Rod               |       |       |       |       |    24 |       ||    24
       Fan of gales      |       |       |       |       |       |     1 ||     1
       Lamp of fire      |       |       |       |       |       |     1 ||     1
       Box of beasts     |       |       |       |       |       |     1 ||     1
  Use: Scroll            |       |       |    10 |    13 |     6 |     5 ||    34
 Stab: Confused          |       |       |     2 |       |       |       ||     2
       Distracted        |       |       |     1 |    10 |    16 |     3 ||    30
       Paralysed         |       |       |       |    52 |    12 |       ||    64
Armor: Leather armour    |     7 |       |       |       |       |       ||     7
       Ring mail         |    33 |    57 |    82 |       |       |       ||   172
       Plate armour      |       |       |   100 |   441 |   814 |   142 ||  1497
Dodge: Dodged            |    48 |    41 |    82 |    80 |   244 |    34 ||   529
Block: Shield            |    22 |    48 |   244 |   454 |   678 |       ||  1446
       Large shield      |       |       |       |       |   429 |   257 ||   686
       Rpst.: Whip       |       |       |       |    11 |    58 |       ||    69
       Eveningstar       |       |       |       |       |       |     6 ||     6
